 Dungeon Crawl Stone Soup version 0.21-a0-225-g207ae17 (webtiles) character file.

187 Goblin1989 the Insei (level 5, -2/39 HPs)
             Began as a Demonspawn Transmuter on Aug 29, 2017.
             Slain by an ogre
             ... wielding a +0 giant club
              (16 damage)
             ... on level 3 of the Dungeon.
             The game lasted 00:08:36 (4102 turns).

Goblin1989 the Insei (Demonspawn Transmuter)        Turns: 4102, Time: 00:08:37

Health: -2/39      AC:  5    Str: 11    XL:     5   Next: 39%
Magic:  8/8        EV: 11    Int: 14    God:
Gold:   125        SH:  3    Dex: 14    Spells: 7/8 levels left

rFire    . . .     SeeInvis .   F - +1 dagger (venom)
rCold    . . .     Gourm    .   E - +0 buckler
rNeg     . . .     Faith    .   A - +0 ring mail
rPois    .         Spirit   .   (no helmet)
rElec    .         Reflect  .   (no cloak)
rCorr    .         Harm     .   (no gloves)
MR       .....                  (no boots)
Stlth    +.........             (no amulet)
HPRegen  0.13/turn              (no ring)
MPRegen  0.11/turn              (no ring)

@: no status effects
A: talons 1, sturdy frame 1
a: no special abilities


You were on level 3 of the Dungeon.
You were not hungry.

You visited 1 branch of the dungeon, and saw 3 of its levels.

You collected 125 gold pieces.

Inventory:

Hand Weapons
 j - a cursed +0 hunting sling
 F - a +1 dagger of venom (weapon)
Missiles
 a - 30 arrows
 i - 188 stones (quivered)
 u - 9 bolts
 y - 6 javelins
Armour
 A - a +0 ring mail (worn)
 B - a +0 scale mail
 E - a +0 buckler (worn)
Scrolls
 g - 4 scrolls of immolation {unknown}
 n - a scroll of enchant weapon {unknown}
 p - a scroll of teleportation {unknown}
 r - a scroll of remove curse {unknown}
 w - 4 scrolls of identify {unknown}
Potions
 h - 2 potions of heal wounds {unknown}
 k - a potion of lignification {unknown}
 m - a potion of cancellation {unknown}
 t - a potion of resistance {unknown}
 x - a potion of magic {unknown}
Books
 c - a book of Changes

   Spells                             Type                      Level
   a - Beastly Appendage              Transmutation                1
   b - Sticks to Snakes               Transmutation                2
   c - Spider Form                    Transmutation/Poison         3
   d - Ice Form                       Ice/Transmutation            4
   e - Blade Hands                    Transmutation                5
Comestibles
 e - 3 bread rations {@e1}
 q - a meat ration {@e2}
 s - 2 royal jellies
 C - 14 chunks of flesh


   Skills:
 + Level 2.7 Fighting
 + Level 0.5 Armour
 - Level 2.3 Dodging
 + Level 0.5 Shields
 * Level 4.5 Unarmed Combat
 - Level 2.0 Spellcasting
 - Level 1.7 Transmutations


You had 7 spell levels left.
You knew the following spells:

 Your Spells              Type           Power        Failure   Level  Hunger
a - Beastly Appendage     Tmut           #.....       28%         1    ##.....


Dungeon Overview and Level Annotations

Branches:
Dungeon (3/15)

Altars:


Innate Abilities, Weirdness & Mutations

You have sharp toenails.
Your movements are slightly less encumbered by armour. (ER -2)


Message History

The orc wizard gestures wildly while chanting.
The orc wizard blinks!
You punch the orc wizard! Your kick misses the orc wizard.
The orc wizard is heavily wounded.
The orc wizard hits you but does no damage.
You closely miss the orc wizard. Your kick misses the orc wizard.
The orc wizard is heavily wounded.
The orc wizard hits you with a dagger.
You take 3 damage, and have 17/34 hp.
You hit the orc wizard but do no damage.
The orc wizard is heavily wounded.
The orc wizard mumbles some strange words.
The orc wizard blinks!
The orc wizard closely misses you.
You hit the orc wizard.
The orc wizard is severely wounded.
The orc wizard points at you and mumbles some strange words.
The magic dart hits you!
* * * LOW HITPOINT WARNING * * *
You take 2 damage, and have 15/34 hp.
You hit the orc wizard. You claw the orc wizard.
You kill the orc wizard!
You have reached level 5!
The orc wizard casts a spell at you. The magic dart hits you!
* * * LOW HITPOINT WARNING * * *
You take 1 damage, and have 14/39 hp.
MP restored: 8 The orc wizard hits you with a dagger.
* * * LOW HITPOINT WARNING * * *
The orc wizard closely misses you.
Items here: )) [[ †† You take 1 damage, and have 13/39 hp.
You closely miss the orc wizard.
The orc wizard is almost dead.
The orc wizard hits you with a dagger.
* * * LOW HITPOINT WARNING * * *
You take 1 damage, and have 12/39 hp.
You barely miss the orc wizard. You claw the orc wizard.
You kill the orc wizard!
Things that are here:
a dagger of venom; an orc corpse You butcher the orc corpse.
C - 15 chunks of flesh (gained 4)
You see here a dagger of venom.
Items here: )) [[ †† Some of the chunks of flesh in your inventory have rotted away.
Things that are here:
a dagger; a robe There isn't anything to butcher here.
Items here: )) [[ †† You butcher the orc corpse.
C - 11 chunks of flesh (gained 4)
Items here: )) [[ † a dagger; a robe; a hand axe; a leather armour; an orc corpse There isn't anything here!
Items here: )) [[ † a dagger; a robe; a hand axe; a leather armour; an orc corpse You butcher the orc corpse.
C - 14 chunks of flesh (gained 3)
Items here: )) [[ a dagger; a robe; a hand axe; a leather armour You see here a dagger of venom.
F - a dagger of venom Wield which item (- for none, * to show all)? (? for menu, Esc to quit)
Your +0 dagger of venom begins to drip with poison!
D - a +0 dagger of venom (weapon)
Wield which item (- for none, * to show all)? (? for menu, Esc to quit)
Your +0 dagger of venom stops dripping with poison.
Your +1 dagger of venom begins to drip with poison!
F - a +1 dagger of venom (weapon)
Drop what? 25/52 slots (_ for help) (? for menu, Esc to quit)
You drop a +0 dagger of venom.
Your +1 dagger of venom stops dripping with poison.
You are now empty-handed.
You start resting.
An ogre comes into view. It is wielding a giant club.
You regained 14 hp, and now have 29/39 hp.
Wield which item (- for none, * to show all)? (? for menu, Esc to quit)
Your +1 dagger of venom begins to drip with poison!
F - a +1 dagger of venom (weapon)
The ogre shouts!
Throwing (i - inventory. (,) - cycle):
i - 189 stones (quivered)
Press: ? - help, Shift-Dir - straight line, f - ogre
Aim: an ogre, wielding a giant club You throw a stone.
The stone hits the ogre but does no damage.
You hit the ogre.
The ogre is poisoned.
The ogre is lightly wounded.
The ogre hits you with a giant club!!
* * * LOW HITPOINT WARNING * * *
You take 19 damage, and have 10/39 hp.
MASSIVE DAMAGE!!
Items here: )) [[ a dagger; a robe; a hand axe; a leather armour The ogre looks more healthy.
You hit the ogre.
The ogre is poisoned.
The ogre is heavily wounded.
The ogre misses you.
There is a stone staircase leading down here.
The ogre looks more healthy.
The ogre hits you with a giant club!
You die... █████. █...███████ ......███.......█ █.......███.█ █....██.█ █.██████ █.......█ █....... ██)..█.██ ████████

... █.███..█ █.█ █.█
█..█ █.█ █@███.██
█.█████ █O...██
█.█...█ █.█.██
██.█.█.█ █.█.█
██....█.████ █.█.█
...........█ █.█.█
██....█.██.█████.█.█
███........>....)..█
█ ███.█..........███


You could see an ogre.

Vanquished Creatures
  2 orc wizards (D:3)
  5 adders (D:2)
  3 dart slugs
  4 leopard geckos
  6 orcs (D:3)
  2 giant cockroaches
  9 goblins
  6 hobgoblins
  7 jackals
  3 bats
  A frilled lizard (D:1)
  12 kobolds
  7 rats
67 creatures vanquished.

Vanquished Creatures (others)
  A plant (D:1)
1 creature vanquished.

Grand Total: 68 creatures vanquished

Notes
Turn   | Place    | Note
-------+----------+-------------------------------------------
     0 | D:1      | Goblin1989 the Demonspawn Transmuter began the quest for the Orb.
     0 | D:1      | Reached XP level 1. HP: 15/15 MP: 3/3
    42 | D:1      | Reached skill level 3 in Unarmed Combat
   220 | D:1      | Mutation became permanent: You have razor-sharp toenails. [demonic ancestry]
   220 | D:1      | Gained mutation: You have claws for feet. [demonic ancestry]
   220 | D:1      | Reached XP level 2. HP: 11/21 MP: 3/5
  1097 | D:1      | Gained mutation: Your movements are slightly less encumbered by armour. (ER -2) [demonic ancestry]
  1097 | D:1      | Reached XP level 3. HP: 16/27 MP: 6/6
  2459 | D:2      | Reached XP level 4. HP: 29/33 MP: 7/7
  3302 | D:2      | Reached skill level 4 in Unarmed Combat
  3933 | D:3      | Reached XP level 5. HP: 18/39 MP: 8/8
  4070 | D:3      | Noticed an ogre
  4102 | D:3      | Slain by an ogre

Vault maps used:
D:1:      saegor_arrival_simple_f, lexackson_kobold_supper
D:2:      kennysheep_generic_room_9
D:3:      first_bread, minmay_crystal_room

Skill      XL: |  1  2  3  4 |
---------------+-------------+-----
Unarmed Combat | 3 4 |  4.5
Dodging        | 2 |  2.3
Fighting       | 2 |  2.7
Armour         | |  0.5
Shields        | |  0.5
Spellcasting   | |  2.0
Transmutations | |  1.7

Action                   |  1- 3 |  4- 6 || total
-------------------------+-------+-------++-------
Melee: Unarmed           |   168 |    98 ||   266
       Kick              |    38 |    24 ||    62
       Headbutt          |     1 |     3 ||     4
       Punch             |     1 |     1 ||     2
       Dagger            |       |     2 ||     2
Throw: Stone             |       |     1 ||     1
 Cast: Beastly Appendage |     2 |     4 ||     6
 Stab: Sleeping          |     1 |     2 ||     3
       Distracted        |     1 |       ||     1
  Eat: Chunk             |     5 |     5 ||    10
Armor: Robe              |    33 |     3 ||    36
       Ring mail         |       |    11 ||    11
Dodge: Dodged            |   109 |    37 ||   146
Block: Buckler           |       |     3 ||     3

Table legend:
 A = Spawn XP
 B = Non-spawn XP
 C = Spawn XP percentage of total XP
 D = Spawn monster count
 E = Non-spawn monster count
 F = Spawn count percentage of total count
 G = Total turns spent on level
                    A         B        C        D         E        F      G
               +---------+---------+-------+---------+---------+-------+---------
         Total |      29 |     239 |  10.8 |      10 |      57 |  14.9 |  4102
               +---------+---------+-------+---------+---------+-------+---------
           D:1 |       5 |      46 |   9.8 |       3 |      24 |  11.1 |  1706
           D:2 |      22 |      77 |  22.2 |       6 |      19 |  24.0 |  1867
           D:3 |       2 |     116 |   1.7 |       1 |      14 |   6.7 |   529
               +---------+---------+-------+---------+---------+-------+---------

Vault maps used:
D:1:      saegor_arrival_simple_f, lexackson_kobold_supper
D:2:      kennysheep_generic_room_9
D:3:      first_bread, minmay_crystal_room
